 Dungeon Crawl Stone Soup version 0.23-b1-49-g13d5857 (webtiles) character file.

Game seed: 12563158563641741642

112 HEYYEYAAE the Bolt Thrower (level 4, -4/29 HPs)
             Began as an Octopode Hunter on Feb 4, 2019.
             Slain by an adder (5 damage)
             ... on level 2 of the Dungeon.
             The game lasted 00:01:20 (1416 turns).

HEYYEYAAE the Bolt Thrower (Octopode Hunter)        Turns: 1416, Time: 00:01:20

Health: -4/29      AC:  1    Str: 11    XL:     4   Next: 95%
Magic:  4/4        EV: 19    Int: 13    God:
Gold:   99         SH:  0    Dex: 18    Spells: 3/3 levels left

rFire    . . .     SeeInvis .   a - +1 hand crossbow
rCold    . . .     Gourm    .   (no shield)
rNeg     . . .     Faith    .   (helmet restricted)
rPois    .         Spirit   .   (no amulet)
rElec    .         Reflect  .   (no ring)
rCorr    .         Harm     .   (no ring)
MR       .....                  (no ring)
Stlth    ++++......             (no ring)
HPRegen  0.09/turn              (no ring)
MPRegen  0.09/turn              (no ring)
                                (no ring)
                                (no ring)

@: agile, lethally poisoned (-4 -> -9), hasted, very quick
A: almost no armour, stealthy swim, amphibious, 8 rings, constrict 8, camouflage
1, gelatinous body 1
a: no special abilities


You were on level 2 of the Dungeon.
You were not hungry.

You visited 1 branch of the dungeon, and saw 2 of its levels.

You collected 99 gold pieces.

Inventory:

Hand Weapons
 a - a +1 hand crossbow (weapon)
 b - a +0 short sword
Scrolls
 e - 2 scrolls of remove curse {unknown}
 f - 5 scrolls of identify {unknown}
 h - a scroll of enchant armour {unknown}
 i - 3 scrolls of teleportation {unknown}
 k - a scroll of immolation {unknown}
Potions
 g - 2 potions of haste
Comestibles
 d - 3 rations


   Skills:
 - Level 2.0 Fighting
 + Level 6.1 Crossbows
 - Level 2.0 Dodging
 - Level 1.3 Stealth


You had 3 spell levels left.
You didn't know any spells.
Your spell library was empty.

Dungeon Overview and Level Annotations

Branches:
Dungeon (2/15)

Altars:


Innate Abilities, Weirdness & Mutations

You cannot wear most types of armour.
You are very stealthy in the water. (Stealth+)
You are amphibious.
You can wear up to eight rings at the same time.
You can use your tentacles to constrict eight enemies at once.
Your skin changes colour to match your surroundings (Stealth+).
Your rubbery body absorbs attacks. (AC +1, EV +1)


Message History

The adder is moderately wounded.
The adder misses you.
Firing (i - inventory)
c - 3 bolts (quivered)
Press: ? - help, Shift-Dir - straight line, f/p - adder
Aim: an adder (moderately wounded)
You shoot a bolt. The bolt misses the adder.
The bolt hits the kobold.
You kill the kobold!
* * * LOW HITPOINT WARNING * * *
You feel sick. The adder misses you.
Firing (i - inventory)
c - 2 bolts (quivered)
Press: ? - help, Shift-Dir - straight line, f/p - adder
Aim: an adder (moderately wounded)
You shoot a bolt. The bolt barely misses the adder.
The bolt hits the adder!
You kill the adder!
The adder misses you.
Firing (i - inventory)
c - a bolt (quivered)
Press: ? - help, Shift-Dir - straight line, f/p - adder
Aim: an adder (moderately wounded)
You shoot a bolt. The bolt barely misses the adder.
The adder bites you.
You die...

###### #(...##
#.##.(# #..###(#
#.#(( #S######
#..#..#@.....# # .
#.#......# ######
## ##......#
#....# #......#
#.##.# #......#
###.##.# #......#
#.†.#...
#......####.###...
#####....#..###...
###.#..........


You could see an adder.

Vanquished Creatures
  Jessica (D:2)
  A gnoll (D:1)
  2 adders (D:2)
  An ooze (D:2)
  A worm (D:2)
  3 giant cockroaches
  4 goblins
  9 hobgoblins
  3 jackals (D:1)
  A quokka (D:2)
  7 bats
  A frilled lizard (D:2)
  10 kobolds
  3 rats
47 creatures vanquished.

Notes
Turn   | Place    | Note
-------+----------+-------------------------------------------
     0 | D:1      | HEYYEYAAE the Octopode Hunter began the quest for the Orb.
     0 | D:1      | Reached XP level 1. HP: 14/14 MP: 1/1
    13 | D:1      | Reached XP level 2. HP: 7/19 MP: 2/2
   448 | D:1      | Reached skill level 5 in Crossbows
   448 | D:1      | Reached XP level 3. HP: 16/24 MP: 3/3
  1125 | D:2      | Reached XP level 4. HP: 17/29 MP: 4/4
  1206 | D:2      | Noticed Jessica
  1212 | D:2      | Killed Jessica
  1240 | D:2      | Reached skill level 6 in Crossbows
  1412 | D:2      | HP: 1/29 [poisoned by an adder]
  1416 | D:2      | Slain by an adder

Skill      XL: |  1  2  3  4 |
---------------+-------------+-----
Crossbows      | 5 6 |  6.1
Fighting       | |  2.0
Dodging        | |  2.0
Stealth        | |  1.3

Action                   |  1- 3 |  4- 6 || total
-------------------------+-------+-------++-------
 Fire: Hand crossbow     |    76 |    35 ||   111
  Use: Potion            |       |     2 ||     2
  Eat: Chunk             |       |     1 ||     1
Armor: Skin              |     4 |       ||     4
Dodge: Dodged            |     9 |    11 ||    20
